 Dungeon Crawl Stone Soup version 0.29-a0-834-g1e95ca9f62 (webtiles) character file.

Game seed: 7230451285880924408

392 Pooter the Shooter (level 6, -7/51 HPs)
             Began as a Minotaur Hunter on July 12, 2022.
             Was a Priest of Lugonu.
             Mangled by Blork the orc
             ... wielding a +0 battleaxe
              (16 damage)
             ... on level 4 of the Dungeon.
             The game lasted 00:19:37 (4555 turns).

Pooter the Shooter (Minotaur Hunter)                Turns: 4555, Time: 00:19:38

Health: -7/51      AC:  6    Str: 17    XL:     6   Next: 50%
Magic:  6/6        EV: 11    Int:  6    God:    Lugonu [***...]
Gold:   125        SH:  0    Dex: 14    Spells: 5/5 levels left

rFire   . . .      SeeInvis .   a - +0 war axe
rCold   + . .      Faith    .   (no shield)
rNeg    . . .      Spirit   .   f - +0 ring mail
rPois   .          Reflect  .   (helmet restricted)
rElec   +          Harm     .   w - +0 cloak
rCorr   .          Rampage  .   (no gloves)
Will    .....                   (no boots)
Stlth   +.........              q - amulet of Ososchim {Acrobat rElec}
HPRegen 0.17/turn               I - ring of protection from cold
MPRegen 0.10/turn               (no ring)

@: no status effects
A: horns 2, retaliatory headbutt
a: Renounce Religion, Depart the Abyss, Bend Space, Banish


You were on level 4 of the Dungeon.
You worshipped Lugonu.
Lugonu was most pleased with you.
You visited 1 branch of the dungeon, and saw 4 of its levels.

You collected 125 gold pieces.

Inventory:

Hand Weapons
 a - a +0 war axe (weapon)
   (You found it on level 3 of the Dungeon)
 b - a +0 shortbow
Missiles
 j - 10 boomerangs
 r - a throwing net {!f}
 Q - 47 stones (quivered)
Armour
 f - a +0 ring mail (worn)
   (You found it on level 1 of the Dungeon)
 w - a +0 cloak (worn)
   (You found it on level 4 of the Dungeon)
Jewellery
 q - the amulet of Ososchim (around neck) {Acrobat rElec}
   (You found it on level 2 of the Dungeon)

   [amulet of the acrobat]

   It increases your evasion while moving and waiting.
   rElec:     It insulates you from electricity.
 I - a ring of protection from cold (left hand)
   (You found it on level 4 of the Dungeon)
Wands
 u - a wand of paralysis (8)
   (You took it off a kobold on level 3 of the Dungeon)
Scrolls
 d - a scroll of immolation {!r}
 e - a scroll of brand weapon {unknown}
 g - a scroll of identify {unknown}
 i - a scroll of blinking {unknown}
 k - 2 scrolls of vulnerability {unknown}
 l - a scroll of fear {unknown}
 m - 2 scrolls of noise {unknown}
 n - a scroll of fog {unknown}
 p - a scroll of amnesia {unknown}
 t - 3 scrolls of teleportation {@r4}
Potions
 c - a potion of brilliance {unknown}
 h - 2 potions of might {unknown}
 o - a potion of degeneration {unknown}
 s - 3 potions of mutation {unknown}


   Skills:
 + Level 3.6 Fighting
 * Level 2.3 Axes
 * Level 5.7 Ranged Weapons
 + Level 1.7 Throwing
 + Level 3.3 Dodging
 + Level 1.9 Stealth
 + Level 1.7 Invocations
 + Level 1.7 Evocations


You had 5 spell levels left.
You didn't know any spells.
Your spell library was empty.

Dungeon Overview and Level Annotations

Branches:
Dungeon (4/15)
 Temple: D:4-7

Altars:
Xom
Lugonu

Annotations:
D:4 Blork the orc


Innate Abilities, Weirdness & Mutations

You have a pair of horns on your head.
You reflexively headbutt those who attack you in melee.


Message History

Blork the orc comes into view.
He is wielding a +0 battleaxe.
Blork the orc shouts!
You see here a scroll of teleportation {@r4}.
You throw a stone.
The stone completely misses Blork the orc.
b - a +0 shortbow (weapon)
You shoot an arrow. The arrow barely misses Blork the orc.
You shoot an arrow.
The arrow hits Blork the orc but does no damage.
You shoot an arrow. The arrow closely misses Blork the orc.
Blork the orc casts a spell at you. The puff of flame hits you!
a - a +0 war axe (weapon)
Okay, then.
Blork the orc casts a spell at you. The magic dart hits you.
You closely miss Blork the orc.
Blork the orc points at you and mumbles some strange words.
The puff of flame hits you.
Blork the orc hits you with a +0 battleaxe.
You hit Blork the orc. Your headbutt misses Blork the orc.
Blork the orc gestures at you while chanting.
The puff of frost hits you but does no damage.
You resist.
You barely miss Blork the orc. Blork the orc completely misses you.
Blork the orc hits you with a +0 battleaxe!
* * * LOW HITPOINT WARNING * * *
You hit Blork the orc. Your headbutt misses Blork the orc.
Blork the orc closely misses you.
You barely miss Blork the orc. Blork the orc closely misses you.
You furiously retaliate!
You headbutt Blork the orc. You slash Blork the orc!
Blork the orc closely misses you.
Blork the orc hits you with a +0 battleaxe!
* * * LOW HITPOINT WARNING * * *
You feel much better. Blork the orc barely misses you.
You hit Blork the orc.
Blork the orc points at you and mumbles some strange words.
The magic dart hits you.
You barely miss Blork the orc.
Blork the orc screams, "I'll drink your blood!
Soon!"
Blork the orc points at you and mumbles some strange words.
The magic dart hits you!
* * * LOW HITPOINT WARNING * * *
Blork the orc mumbles some strange words.
Blork the orc seems to speed up.
You hit Blork the orc.
Blork the orc hits you with a +0 battleaxe!
* * * LOW HITPOINT WARNING * * *
Blork the orc hits you with a +0 battleaxe!
You die...

...## ###...
.#.# ######
###..... .##.#
##.....####
###....... ##
..# #.........#
#......).# # #.#
#.........#
###.....## # #.
#.........#
######## # ..
..........# # ..
.......o..# ##
.......@..# ###.
.......?..#
###...
#.........#
###...##
##........#
###...###
###......#
###...###
#...†..###...###
##.##...†..###
## ###.#### #..#


You could see Blork the orc (fast).

Vanquished Creatures
  Duvessa (D:4)
  A scorpion (D:4)
  Dowan (D:4)
  An iguana (D:4)
  3 gnolls
  4 adders
  A worm (D:4)
  3 dart slugs
  5 orcs (D:3)
  5 ball pythons
  5 endoplasms
  5 giant cockroaches
  5 goblins
  6 hobgoblins
  5 jackals
  5 quokkas
  5 bats
  4 frilled lizards
  5 kobolds
  6 rats
76 creatures vanquished.

Notes
Turn   | Place    | Note
-------+----------+-------------------------------------------
     0 | D:1      | Pooter the Minotaur Hunter began the quest for the Orb.
     0 | D:1      | Reached XP level 1. HP: 18/18 MP: 0/0
    27 | D:1      | Found a faded altar of an unknown god.
    35 | D:1      | Prayed at the altar of an unknown god.
    35 | D:1      | Became a worshipper of Lugonu the Unformed
    35 | D:1      | Reached * piety under Lugonu
    35 | D:1      | Reached ** piety under Lugonu
   243 | D:1      | Reached skill level 1 in Stealth
   520 | D:1      | Reached XP level 2. HP: 24/25 MP: 1/1
  1058 | D:1      | Reached XP level 3. HP: 28/30 MP: 2/2
  1750 | D:2      | Reached skill level 5 in Ranged Weapons
  1893 | D:2      | Identified the amulet of Ososchim {Acrobat rElec}
  1974 | D:2      | You fall into a shaft and drop 2 floors!
  2128 | D:4      | Found a shimmering altar of Xom.
  2142 | D:4      | Reached XP level 4. HP: 38/38 MP: 3/3
  2183 | D:3      | Reached skill level 1 in Evocations
  2315 | D:2      | Reached skill level 1 in Invocations
  2329 | D:2      | Reached *** piety under Lugonu
  2456 | D:2      | Reached skill level 1 in Throwing
  2990 | D:3      | Paralysed by a kobold for 2 turns
  3014 | D:3      | Reached XP level 5. HP: 42/45 MP: 4/4
  3075 | D:3      | Identified the +1 plate armour of the Jabberwock {rElec rF+
                  | Slay-6}
  4024 | D:4      | Noticed Duvessa
  4026 | D:4      | Noticed Dowan
  4041 | D:4      | Killed Duvessa
  4042 | D:4      | Reached skill level 1 in Axes
  4051 | D:4      | Killed Dowan
  4052 | D:4      | Reached XP level 6. HP: 21/51 MP: 6/6
  4538 | D:4      | Noticed Blork the orc
  4555 | D:4      | Mangled by Blork the orc

Illustrated notes

Levels and vault maps discovered:
D:1:      ncdulo_smallfort, layout_basic, serial_glass, glass_columns_a,
          glass_columns_a, shapermc_ecumenical_altar_mp_highgroup
D:2:      layout_loops_cross, dk_noncrumbling_2, nicolae_figureground_sparkle
D:3:      layout_basic, minmay_crystal_room, lemuel_flame_loot_1
D:4:      layout_cave_pods, old_standard_altar, nicolae_overflow_crystal_walls,
          uniq_blork_the_orc, uniq_duvessa

Skill      XL: |  1  2  3  4  5 |
---------------+----------------+-----
Stealth        | 1 |  1.9
Ranged Weapons | 5 |  5.7
Fighting       | 3 |  3.6
Evocations     | 1 |  1.7
Invocations    | 1 |  1.7
Throwing       | 1 |  1.7
Axes           | 2 |  2.3
Dodging        | 3 |  3.3

Action                   |  1- 3 |  4- 6 || total
-------------------------+-------+-------++-------
Melee: Short sword       |    51 |       ||    51
       Headbutt          |    11 |    15 ||    26
       Punch             |     1 |       ||     1
       Staff             |     8 |       ||     8
       Hand axe          |     3 |     1 ||     4
       War axe           |       |    65 ||    65
 Fire: Shortbow          |    70 |    79 ||   149
Throw: Stone             |       |     1 ||     1
Invok: Bend Space        |     1 |       ||     1
Evoke: Wand              |       |     1 ||     1
  Use: Scroll            |     1 |       ||     1
       Potion            |       |     2 ||     2
 Stab: Sleeping          |     1 |     1 ||     2
       Paralysed         |       |     4 ||     4
Armor: Leather armour    |     5 |       ||     5
       Ring mail         |    20 |    25 ||    45
Dodge: Dodged            |    52 |    60 ||   112

Table legend: (Time is in decaauts)
 A = Elapsed time spent in this place.
 B = Non-inter-level travel time spent in this place.
 C = Inter-level travel time spent in this place.
 D = Time resting spent in this place.
 E = Time spent auto-exploring this place.
 F = Levels seen in this place.
 G = Mean time per level.
                   A        B        C        D        E       F      G
               +--------+--------+--------+--------+--------+-----+--------+
         Total |   4609 |   4425 |    184 |   1044 |   2608 |   4 | 1152.2 |
       Dungeon |   4609 |   4425 |    184 |   1044 |   2608 |   4 | 1152.2 |
               +--------+--------+--------+--------+--------+-----+--------+

Top non-repeatable levels by time:
     D:1: 1596 daAuts
     D:3: 1192 daAuts
     D:2: 1036 daAuts
     D:4: 783 daAuts
